 Dungeon Crawl Stone Soup version 0.31-a0-765-g67fe2935dc (webtiles) character file.

Game seed: 9980497843437936504

142 Pixllover the Cudgeller (level 5, -2/33 HPs)
             Began as a Gargoyle Berserker on Sept 16, 2023.
             Was a Believer of Trog.
             Killed by nerve-wracking pain
             ... invoked by an orc priest
              (6 damage)
             ... on level 3 of the Dungeon.
             The game lasted 00:04:06 (1751 turns).

Pixllover the Cudgeller (Gargoyle Berserker)        Turns: 1751, Time: 00:04:07

Health: -2/33      AC: 16    Str: 28    XL:     5   Next: 25%
Magic:  5/5        EV: 10    Int:  8    God:    Trog [**....]
Gold:   82         SH:  0    Dex:  9    Spells: 4/4 levels left

rFire   . . .        a - +0 mace
rCold   . . .        (no shield)
rNeg    + . .        p - +0 scale mail
rPois   ∞            f - +2 hat
rElec   +            (no cloak)
rCorr   .            (no gloves)
SInv    .            (no boots)
Will    .....        (no amulet) Stlth
                     c - +6 ring of strength
HPRegen 0.25/turn    l - +4 ring of protection
MPRegen 0.09/turn

%: no passive effects
@: on berserk cooldown, slowed, very slow
A: sickness immunity, AC +4, negative energy resistance 1, electricity
resistance, torment resistance 1, petrification resistance
a: Renounce Religion, Berserk, Trog's Hand


You were on level 3 of the Dungeon.
You worshipped Trog.
Trog was pleased with you.
You visited 1 branch of the dungeon, and saw 3 of its levels.

You collected 82 gold pieces.

Inventory:

Hand Weapons
 a - a +0 mace (weapon)
Missiles
 d - 6 silver javelins (quivered)
 i - 6 poisoned darts
Armour
 f - a +2 hat (worn)
 p - a +0 scale mail (worn)
Jewellery
 c - a +6 ring of strength (left hand)
 l - a +4 ring of protection (right hand)
Scrolls
 e - 3 scrolls of identify {unknown}
 g - 2 scrolls of brand weapon {unknown}
 h - a scroll of enchant weapon {unknown}
 j - a scroll of amnesia {unknown}
 k - a scroll of acquirement {unknown}
Potions
 n - a potion of haste {unknown}


   Skills:
 + Level 4.1 Fighting
 + Level 4.4 Maces & Flails
 + Level 2.3 Armour
 + Level 2.6 Dodging
 + Level 0.2 Stealth


You had 4 spell levels left.
You didn't know any spells.
Your spell library was empty.

Dungeon Overview and Level Annotations

Branches:
Dungeon (3/15)

Altars:

Shops:
D:2 *


Innate Abilities, Weirdness & Mutations

You are immune to sickness and miasma.
Your stone body is resilient. (AC +4)
You are immune to poison.
You resist negative energy. (rN+)
You are resistant to electric shocks. (rElec)
You are resistant to unholy torment.
You are immune to petrification.


Message History

Trog accepts your kill.
The dart slug briefly extends its eye-stalks.
The orc hits you but does no damage.
You thump the orc!
You kill the orc!
Trog accepts your kill. The dart slug launches a dart at you.
The slug dart hits you but does no damage.
The orc closely misses you.
Found an escape hatch in the floor.
Items here: )) †††.
You feel a strong urge to attack something.
The orc priest hits you with a +0 dagger.
The orc priest calls down the wrath of Beogh upon you.
Beogh smites you! The orc hits you but does no damage.
The dart slug closely misses you. The orc priest closely misses you.
The orc priest hits you but does no damage.
The orc hits you but does no damage.
You feel your anger nearly subside.
You are no longer berserk.
You are exhausted.
You feel yourself slow down.
The dart slug attacks as it pursues you!
The dart slug misses you.
You sock the orc priest!
The orc priest is almost dead.
The orc hits you from afar with a +0 trident.
The orc priest hits you but does no damage. x2
The orc barely misses you.
The orc priest mumbles some strange prayers to Beogh against you.
Beogh smites you!
* * * LOW HITPOINT WARNING * * *
The orc priest hits you but does no damage.
The dart slug barely misses you.
The orc priest looks satisfied for a moment.
The orc hits you from afar with a +0 trident.
* * * LOW HITPOINT WARNING * * *
The orc priest calls down the wrath of Beogh upon you.
Pain shoots through your body!
You die...

~w≈#≈≈≈~~≈≈#≈≈≈#
.~≈#≈≈~~w#≈≈≈~.#
.~≈≈≈≈≈~~≈≈≈≈~..#
#~#~≈~~≈≈≈≈#..##
#..~~~≈≈~~.#(..
#...~~.~~...#
#........|..# .
#...w......# )
#.>oo@.....# .
..####..ww....## .
#......o......... .
######)###...#..
.############):..>.#...#
..............####...###
.<.....######## #.#
.......# ## .......#


You could see 2 orc priests, 4 dart slugs and an orc.

Vanquished Creatures
  Jessica (D:2)
  Robin (D:2)
  4 adders (D:2)
  A dart slug (D:2)
  2 orcs (D:3)
  10 endoplasms
  5 giant cockroaches
  13 goblins
  7 hobgoblins
  A kobold (D:1)
  A quokka (D:2)
  3 ball pythons
  4 bats
  2 frilled lizards (D:2)
  2 rats
57 creatures vanquished.

Notes
Turn   | Place    | Note
-------+----------+-------------------------------------------
     0 | D:1      | Pixllover the Gargoyle Berserker began the quest for the
                  | Orb.
     0 | D:1      | Reached XP level 1. HP: 14/14 MP: 1/1
   172 | D:1      | Reached XP level 2. HP: 19/19 MP: 2/2
   753 | D:2      | Reached XP level 3. HP: 12/23 MP: 3/3
   817 | D:2      | Noticed Robin
   858 | D:2      | Reached ** piety under Trog
   948 | D:2      | Killed Robin
   949 | D:2      | Reached XP level 4. HP: 13/29 MP: 4/4
  1142 | D:2      | Found Vuuwon's General Store.
  1159 | D:2      | Noticed Jessica
  1168 | D:2      | Killed Jessica
  1233 | D:2      | Reached XP level 5. HP: 33/33 MP: 5/5
  1751 | D:3      | Killed from afar by an orc priest

Illustrated notes

Levels and vault maps discovered:
D:1:      dpeg_arrival_round_a, layout_loops_ring
D:2:      layout_loops_ring, serial_shops, nicolae_shop_tiny_statue_garden,
          uniq_jessica, uniq_robin
D:3:      kennysheep_slugbush, layout_rooms, st_stairs_5, hangedman_decor_points

Skill      XL: |  1  2  3  4 |
---------------+-------------+-----
Dodging        | 2 |  2.6
Maces & Flails | 4 |  4.4
Fighting       | 4 |  4.1
Armour         | |  2.3
Stealth        | |  0.2

Action                     |  1- 3 |  4- 6 || total
---------------------------+-------+-------++-------
  Melee: Mace              |    92 |    78 ||   170
         Punch             |     1 |     2 ||     3
 Invoke: Berserk           |     1 |     2 ||     3
 Armour: Animal skin       |    85 |    41 ||   126
         Scale mail        |       |    33 ||    33
  Dodge: Dodged            |   102 |    53 ||   155

Table legend: (Time is in decaauts)
 A = Elapsed time spent in this place.
 B = Non-inter-level travel time spent in this place.
 C = Inter-level travel time spent in this place.
 D = Time resting spent in this place.
 E = Time spent auto-exploring this place.
 F = Levels seen in this place.
 G = Mean time per level.
                   A        B        C        D        E       F      G
               +--------+--------+--------+--------+--------+-----+--------+
         Total |   1809 |   1781 |     28 |    139 |    991 |   3 |  603.0 |
       Dungeon |   1809 |   1781 |     28 |    139 |    991 |   3 |  603.0 |
               +--------+--------+--------+--------+--------+-----+--------+

Top non-repeatable levels by time:
     D:2: 948 daAuts
     D:1: 822 daAuts
     D:3: 38 daAuts
